 Dungeon Crawl Stone Soup version 0.17.2-1-ge4368a0 (webtiles) character file.

35 Goblin1989 the Vexing (level 3, 0/28 HPs)
             Began as a Human Enchanter on Mar 12, 2017.
             Slain by a giant gecko (3 damage)
             ... on level 3 of the Dungeon.
             The game lasted 00:06:18 (558 turns).

Goblin1989 the Vexing (Human Enchanter)              Turns: 558, Time: 00:06:18

Health: 0/28       AC:  3    Str:  9    XL:     3   Next: 52%
Magic:  6/6        EV: 12    Int: 15    God:
Gold:   45         SH:  0    Dex: 13    Spells: 1 memorised, 5 levels left

rFire  . . .     SeeInvis .     a - +1 dagger
rCold  . . .     Clarity  .     b - +1 robe
rNeg   . . .     SustAt   .     (no shield)
rPois  .         Gourm    .     (no helmet)
rElec  .         Spirit   .     (no cloak)
rCorr  .         Warding  .     (no gloves)
rMut   .         Stasis   .     (no boots)
MR     .....                    (no amulet)
Stlth  ++........               (no ring)
                                (no ring)

@: not resistant to hostile enchantments, unstealthy
A: no striking features
a: no special abilities


You were on level 3 of the Dungeon.
You were not hungry.

You visited 1 branch of the dungeon, and saw 3 of its levels.

You collected 45 gold pieces.

Inventory:

Hand Weapons
 a - a +1 dagger (weapon)
Armour
 b - a +1 robe (worn)
Scrolls
 f - a scroll of enchant weapon {unknown}
 g - 5 scrolls of remove curse {unknown}
 h - a scroll of blinking {unknown}
 i - a scroll of enchant armour {unknown}
 j - 2 scrolls of identify {unknown}
Potions
 d - 2 potions of invisibility {unknown}
 k - a potion of degeneration {unknown}
Books
 c - a book of Maledictions

   Spells                             Type                      Level
   a - Corona                         Hexes                        1
   b - Ensorcelled Hibernation        Hexes/Ice                    2
   c - Confuse                        Hexes                        3
   d - Tukima's Dance                 Hexes                        3
   e - Dazzling Spray                 Conjuration/Hexes            3
Comestibles
 e - 2 bread rations {@e1}


   Skills:
 + Level 2.8 Fighting
 - Level 1.0 Short Blades
 - Level 2.0 Dodging
 - Level 3.0 Stealth
 - Level 2.0 Spellcasting
 - Level 3.0 Hexes


You had 5 spell levels left.
You knew the following spells:

 Your Spells              Type           Power        Failure   Level  Hunger
a - Corona                Hex            ##.....      8%          1    #......


Dungeon Overview and Level Annotations

Branches:
Dungeon (3/15)

Altars:
Trog


Message History

The adder is severely wounded.
The adder misses you. x2
You hit the adder.
The adder is almost dead.
The adder bites you but does no damage.
You completely miss the adder.
The adder is almost dead.
The adder closely misses you.
You hit the adder but do no damage.
The adder is almost dead.
The adder bites you but does no damage.
You hit the adder.
You kill the adder!
You open the door.
A quokka comes into view.
The quokka twitches its whiskers.
A hobgoblin comes into view. It is wielding a club.
The quokka barely misses you. The quokka closely misses you.
You hit the quokka but do no damage.
The quokka bites you but does no damage.
You hit the quokka.
The quokka is heavily wounded.
The quokka bites you.
* * * LOW HITPOINT WARNING * * *
You take 3 damage, and have 9/28 hp.
You barely miss the quokka.
The quokka is heavily wounded.
The quokka closely misses you.
You hit the quokka.
The quokka is almost dead.
The quokka bites you but does no damage.
You hit the quokka.
You kill the quokka!
You see here a quokka corpse.
A goblin comes into view.
The hobgoblin shouts!
You hear a shout!
The hobgoblin misses you.
A giant newt comes into view.
You hit the hobgoblin.
The hobgoblin is severely wounded.
The hobgoblin hits you but does no damage.
You hit the hobgoblin but do no damage.
The hobgoblin is severely wounded.
The hobgoblin closely misses you.
You completely miss the hobgoblin.
The hobgoblin is severely wounded.
You hit the hobgoblin.
The hobgoblin is almost dead.
The hobgoblin hits you with a club.
* * * LOW HITPOINT WARNING * * *
You hit the hobgoblin.
You kill the hobgoblin!
The giant newt bites you.
* * * LOW HITPOINT WARNING * * *
The goblin hits you.
* * * LOW HITPOINT WARNING * * *
You take 6 damage, and have 4/28 hp.
MASSIVE DAMAGE!!
The giant newt barely misses you.
MP restored: 6 Your magical contamination has completely faded away.
Casting: Corona
Confirm with . or Enter, or press ? or * to list all spells.
Aiming: Corona
Press: ? - help, Shift-Dir - straight line, f - goblin
Aim: a goblin (chance to defeat MR: 81%)
The goblin is outlined in light.
The goblin hits you.
* * * LOW HITPOINT WARNING * * *
You take 3 damage, and have 1/28 hp.
You now have 5/6 mp.
You barely miss the goblin. The goblin barely misses you.
Unknown command.
You hit the goblin.
The goblin is almost dead.
The goblin closely misses you.
You hit the goblin.
You kill the goblin!
Casting: Corona
Confirm with . or Enter, or press ? or * to list all spells.
Aiming: Corona
Press: ? - help, Shift-Dir - straight line, f - giant newt
Aim: a giant newt (chance to defeat MR: 81%)
The giant newt is outlined in light.
The giant newt barely misses you.
You now have 4/6 mp.
You hit the giant newt.
The giant newt is heavily wounded.
The giant newt barely misses you.
An orc comes into view. It is wielding a hand axe.
The orc shouts!
You hit the giant newt.
You kill the giant newt!
A goblin comes into view. It is wielding a club.
The goblin shouts!
Found a stone staircase leading down.
A giant gecko comes into view.
The giant gecko barely misses you.
You see here a scroll labeled RYGUOT MUIRI.
The giant gecko completely misses you. The giant gecko barely misses you.
MP restored: 6 The giant gecko bites you.
You die... ...█ ... ... █.. █.█ █.█ █.█ .█ █@█ █.█ █l███████

█.█ █g......█ █.██
█.....?.▲ ...
█.......█ █.█
█.......███.██████
.......>............
..██.█████████.██████
.. █.. █....†..


You could see a giant gecko and a goblin.

Vanquished Creatures
  An adder (D:3)
  A worm (D:2)
  A giant gecko (D:2)
  3 giant cockroaches
  3 goblins
  2 hobgoblins
  A quokka (D:3)
  A ball python (D:2)
  A bat (D:1)
  3 giant newts
  3 kobolds (D:2)
20 creatures vanquished.

Notes
Turn   | Place    | Note
--------------------------------------------------------------
     0 | D:1      | Goblin1989 the Human Enchanter began the quest for the Orb.
     0 | D:1      | Reached XP level 1. HP: 13/13 MP: 3/3
    71 | D:2      | Reached skill level 1 in Fighting
    90 | D:2      | Reached XP level 2. HP: 2/21 MP: 0/5
   194 | D:2      | Found a bloodstained altar of Trog.
   313 | D:1      | Reached XP level 3. HP: 3/28 MP: 3/6
   537 | D:3      | HP: 1/28 [goblin (3)]
   558 | D:3      | Slain by a giant gecko

Action                   || total
-------------------------++-------
Melee: Dagger            ||    90
 Cast: Corona            ||    19
 Stab: Sleeping          ||     2

Vault maps used:
D:1:      scummos_arrival_hexagon
D:2:      bloody_trog
D:3:      nrook_loot_triangle, uniq_natasha
